 Dungeon Crawl Stone Soup version 0.18.1-48-g4cf74bf (webtiles) character file.

252 Freeplumber the Digger (level 5, 0/44 HPs)
             Began as a Deep Dwarf Earth Elementalist on June 29, 2016.
             Was an Initiate of Pakellas.
             Slain by a hound (4 damage)
             ... on level 3 of the Dungeon on June 30, 2016.
             The game lasted 00:21:17 (1939 turns).

Freeplumber the Digger (DDEE)                       Turns: 1939, Time: 00:21:18

Health: 0/44       AC:  2    Str: 12    XL:     5   Next: 89%
Magic:  0/17       EV: 14    Int: 16    God:    Pakellas [......]
Gold:   107        SH:  0    Dex: 13    Spells: 3 memorised, 3 levels left

rFire  . . .     SeeInvis .     j - +0 flail
rCold  . . .     Gourm    .     a - +0 robe
rNeg   . . .     Faith    .     (no shield)
rPois  .         Spirit   .     (no helmet)
rElec  .         Dismiss  .     (no cloak)
rCorr  .         Reflect  .     (no gloves)
SustAt .         Harm     .     (no boots)
MR     .....                    (no amulet)
Stlth  ++........               (no ring)
                                m - ring of magical power

@: non-regenerating, not resistant to hostile enchantments, unstealthy
A: damage resistance, recharge devices, mutation resistance 1, sense
surroundings 1, slow regeneration 3
a: Device Recharging, Renounce Religion


You were on level 3 of the Dungeon.
You worshipped Pakellas.
Pakellas was noncommittal.
You were not hungry.

You visited 1 branch of the dungeon, and saw 4 of its levels.

You collected 107 gold pieces.

Inventory:

Hand Weapons
 e - a +0 whip
 h - a +0 club
 j - a +0 flail (weapon)
 k - a -2 dagger
Missiles
 b - 90 stones (quivered)
Armour
 a - a +0 robe (worn)
Jewellery
 m - a ring of magical power (left hand)
Wands
 d - a wand of heal wounds (0/9)
 l - a wand of disintegration (0/24)
Scrolls
 i - a scroll of remove curse
Books
 c - a book of Geomancy

   Spells                             Type                      Level
   a - Sandblast                      Earth                        1
   b - Passwall                       Transmutation/Earth          2
   c - Stone Arrow                    Conjuration/Earth            3
   d - Petrify                        Transmutation/Earth          4
   e - Lee's Rapid Deconstruction     Earth                        5
Comestibles
 f - 3 bread rations
 g - 2 meat rations
 n - a chunk of flesh


   Skills:
 + Level 1.5 Fighting
 + Level 1.2 Maces & Flails
 + Level 0.1 Throwing
 + Level 4.2 Dodging
 + Level 2.9 Stealth
 + Level 2.9 Spellcasting
 + Level 0.8 Transmutations
 + Level 5.1 Earth Magic
 + Level 0.3 Evocations


You had 3 spell levels left.
You knew the following spells:

 Your Spells              Type           Power        Failure   Level  Hunger
a - Sandblast             Erth           ###...       2%          1    #......
b - Stone Arrow           Conj/Erth      ##....       21%         3    ###....
c - Passwall              Trmt/Erth      ##........   10%         2    ##.....


Dungeon Overview and Level Annotations

Branches:
Dungeon (4/15)             Temple (0/1) D:4

Altars:
Pakellas


Innate Abilities, Weirdness & Mutations

You are resistant to damage.
You can recharge devices by infusing magical energy.
You passively map a small area around you.
You do not regenerate naturally.
You are somewhat resistant to further mutation.


Message History

The orc wizard completely misses you.
Found a scroll labeled JEIHU ROSKUJ.
The hound closely misses you.
The orc wizard casts a spell.
The orc wizard blinks!
The hound misses you.
There is a stone staircase leading up here.
The hound barely misses you. The hound closely misses you.
You climb upwards.
There is a stone staircase leading down here.
Casting: Stone Arrow
Confirm with . or Enter, or press ? or * to list all spells.
Aiming: Sandblast
Press: ? - help, Shift-Dir - straight line, f - hound
Aim: a hound The blast of sand hits the hound.
The hound closely misses you. The hound bites you.
* * * LOW HITPOINT WARNING * * *
The hound bites you.
You die...
Pakellas says: Back to the drawing board!

######.##_...'....##..
#......####..#.##.####
#.####.#######.##.##..
#.# #.........##.##.#
#.# ###...###........
#.######.#.)..........
#.#........###.###.#..
#.#.....#..##.#.#....†
#.#..@.......###......
#.#...h.#####,#.#..###
#†#...>.# , ..##..# #
#.###.###, ### #>.# #
#.# #.# , #..# # #.#
#.# #..# ##.###.# * *
#####.<# ##...##.###.#
#......###
#..#........#
#.####....


You could see a hound.

Vanquished Creatures
  3 orc priests (D:3)
  An orc wizard (D:3)
  5 adders
  An ooze (D:3)
  3 worms
  A dart slug (D:3)
  A giant gecko (D:2)
  11 orcs
  3 giant cockroaches (D:2)
  3 goblins
  5 hobgoblins
  4 jackals (D:2)
  8 kobolds
  2 ball pythons
  10 bats
  3 giant newts (D:1)
  7 rats
71 creatures vanquished.

Notes
Turn   | Place    | Note
--------------------------------------------------------------
     0 | D:1      | Freeplumber the Deep Dwarf Earth Elementalist began the quest for the Orb.
     0 | D:1      | Reached XP level 1. HP: 15/15 MP: 3/3
   384 | D:1      | Reached XP level 2. HP: 13/22 MP: 4/4
   792 | D:2      | Gained mutation: You are somewhat resistant to further mutation. [potion of beneficial mutation]
   797 | D:2      | Reached XP level 3. HP: 7/30 MP: 3/6
  1088 | D:3      | Learned a level 3 spell: Stone Arrow
  1091 | D:3      | Learned a level 2 spell: Passwall
  1252 | D:3      | Reached XP level 4. HP: 31/37 MP: 5/7
  1327 | D:3      | Reached skill level 1 in Fighting
  1349 | D:3      | Reached skill level 1 in Maces & Flails
  1349 | D:3      | Reached skill level 5 in Earth Magic
  1411 | D:3      | Reached XP level 5. HP: 26/44 MP: 0/8
  1541 | D:3      | HP: 1/44 [orc priest/divine providence (12)]
  1619 | D:3      | Found an oddly glowing altar of Pakellas.
  1627 | D:3      | Became a worshipper of Pakellas the Inventive
  1893 | D:4      | Found a staircase to the Ecumenical Temple.
  1939 | D:3      | Slain by a hound

Skill      XL: |  1  2  3  4  5 |
---------------+----------------+-----
Spellcasting   | 2 |  2.9
Dodging        | 3 4 |  4.2
Fighting       | 1 |  1.5
Maces & Flails | 1 |  1.2
Earth Magic    | 5 |  5.1
Throwing       | |  0.1
Stealth        | |  2.9
Transmutations | |  0.8
Evocations     | |  0.3

Action                   |  1- 3 |  4- 6 || total
-------------------------+-------+-------++-------
Melee: Whip              |   133 |       ||   133
       Unarmed           |    14 |       ||    14
       Flail             |     1 |   108 ||   109
Throw: Stone             |       |    12 ||    12
 Cast: Sandblast         |    38 |    21 ||    59
       Stone Arrow       |       |     6 ||     6
 Abil: Device Recharging |       |     1 ||     1
Evoke: Wand              |     3 |     6 ||     9
  Use: Potion            |     2 |       ||     2
       Scroll            |     1 |     2 ||     3
 Stab: Sleeping          |     4 |     2 ||     6
  Eat: Bread ration      |     1 |       ||     1
       Chunk             |       |     1 ||     1
Armor: Robe              |    35 |    14 ||    49
Dodge: Dodged            |   150 |    92 ||   242
